 Dungeon Crawl Stone Soup version 0.30.0-19-g36f170ea60 (webtiles) character file.

Game seed: 12051398540457930256

23 Peloso the Covered (level 2, 27/27 HPs)
             Began as a Minotaur Fighter on June 1, 2023.
             Got out of the dungeon alive.
             The game lasted 00:01:16 (831 turns).

Peloso the Covered (Minotaur Fighter)                Turns: 831, Time: 00:01:17

Health: 27/27      AC:  9    Str: 20    XL:     2   Next: 72%
Magic:  1/1        EV:  9    Int:  5    God:
Gold:   49         SH:  4    Dex:  9    Spells: 1/1 levels left

rFire   . . .        a - +0 long sword
rCold   . . .        c - +0 buckler
rNeg    . . .        b - +0 scale mail
rPois   .            (helmet unavailable)
rElec   .            (no cloak)
rCorr   .            (no gloves)
SInv    .            (no boots)
Will    .....        e - amulet of regeneration Stlth
                     (no ring)
HPRegen 1.04/turn    (no ring)
MPRegen 0.07/turn

%: no passive effects
@: no status effects
A: horns 3, retaliatory headbutt, iridescent scales 1
a: no special abilities


You escaped.
You visited 1 branch of the dungeon, and saw 1 of its levels.

You collected 49 gold pieces.

Inventory:

Hand Weapons
 a - a +0 long sword (weapon)
Missiles
 j - a throwing net (quivered)
Armour
 b - a +0 scale mail (worn)
 c - a +0 buckler (worn)
Jewellery
 e - an amulet of regeneration (around neck)
 h - a ring of see invisible
Scrolls
 k - a scroll of vulnerability {unknown}
Potions
 d - a potion of might
 g - a potion of lignification {unknown}


   Skills:
 + Level 3.8 Fighting
 + Level 2.7 Long Blades
 + Level 4.2 Armour
 + Level 0.1 Dodging
 + Level 4.0 Shields


You had one spell level left.
You didn't know any spells.
Your spell library was empty.

Dungeon Overview and Level Annotations

Branches:
Dungeon (1/15)

Altars:


Innate Abilities, Weirdness & Mutations

You have a pair of large horns on your head.
You reflexively headbutt those who attack you in melee.
You are partially covered in iridescent scales. (AC +2)


Message History

A bat is nearby!
A bat is nearby!
The bat hits you but does no damage.
You barely miss the bat. You headbutt the bat.
You kill the bat!
You see here a bat corpse.
You see here a bat corpse.
Things that are here:
a +0 dagger; a kobold corpse You see here a +0 dagger.
k - a scroll labelled WIXUTI DIUCU You open the large door.
There is a large open door here.
Done exploring.
Done exploring.
Done exploring.
Done exploring.
You start putting on your amulet.
You continue putting on your amulet of regeneration. x5
You finish putting on your amulet of regeneration.
The amulet throbs as it attunes itself to your uninjured body.
e - an amulet of regeneration (around neck)
As you read the scroll labelled UMUIWN BISI, it crumbles to dust.
Your body is wracked with pain!
It was a scroll of torment.
You start resting.
HP restored.
It was a potion of mutation.
You feel extremely strange.
You feel vulnerable to heat.
Your thoughts seem clearer.
Really quaff the potion of mutation?
You feel extremely strange.
You no longer feel vulnerable to heat.
Your thinking seems confused.
The horns on your head grow some more.
Iridescent scales grow over part of your body.
(D) Dungeon
Where to? (? - help)
What level of the Dungeon? (default 1, ? - help)
There is a large open door here.
There is a staircase leading out of the dungeon here.
Are you sure you want to leave the Dungeon?
This will make you lose the game!
You have escaped!

#......## ####..##
###...## #########
#...### ##.......##
###.### ##.........##
#...#######.....8.....###
.............8..8..8....#
.#.###.####...........#.#
.#.# #.# ##....@....##.#
##.# #.# ##.......###.#
##.###.# ##########..####
....##.# #...........#
######.# #.##.######.#
.......# #.#.......#.#
#####..#
#.#..####.#.#####
....#..#
#.#.....#.#.....#
###(#..#
#.#..##.#.#####.#


There were no monsters in sight!

Vanquished Creatures
  3 bats (D:1)
  A giant cockroach (D:1)
  4 goblins (D:1)
  3 hobgoblins (D:1)
  3 kobolds (D:1)
  A quokka (D:1)
  2 ball pythons (D:1)
  A frilled lizard (D:1)
  3 rats (D:1)
21 creatures vanquished.

Notes
Turn   | Place    | Note
-------+----------+-------------------------------------------
     0 | D:1      | Peloso the Minotaur Fighter began the quest for the Orb.
     0 | D:1      | Reached XP level 1. HP: 19/19 MP: 0/0
   288 | D:1      | Reached XP level 2. HP: 27/27 MP: 1/1
   754 | D:1      | Gained mutation: You are vulnerable to heat. (rF-) [potion
                  | of mutation]
   754 | D:1      | Gained mutation: You possess an exceptional clarity of
                  | mind. [potion of mutation]
   755 | D:1      | Lost mutation: You are vulnerable to heat. (rF-) [potion of
                  | mutation]
   755 | D:1      | Lost mutation: You possess an exceptional clarity of mind.
                  | [potion of mutation]
   755 | D:1      | Gained mutation: You have a pair of large horns on your
                  | head. [potion of mutation]
   755 | D:1      | Gained mutation: You are partially covered in iridescent
                  | scales. (AC +2) [potion of mutation]
   831 | D:$      | Got out of the dungeon alive.

Illustrated notes

Levels and vault maps discovered:
D:1:      dreamdust_arrival_beginning_and_end, layout_basic

Skill      XL: |  1  2 |
---------------+-------+-----
Armour         | 4 |  4.2
Shields        | 4 |  4.0
Fighting       | |  3.8
Long Blades    | |  2.7
Dodging        | |  0.1

Action                     || total
---------------------------++-------
  Melee: Long sword        ||    39
         Headbutt          ||     6
    Use: Potion            ||     2
         Scroll            ||     1
 Armour: Scale mail        ||    22
  Dodge: Dodged            ||    17
  Block: Buckler           ||    10
